 Dungeon Crawl Stone Soup version 0.20-a0-947-g2784f4f (webtiles) character file.

214 Duskembrace the Sneak (level 5, 0/36 HPs)
             Began as a Spriggan Enchanter on Apr 2, 2017.
             Slain by a centaur (8 damage)
             ... on level 4 of the Dungeon.
             The game lasted 00:11:45 (3443 turns).

Duskembrace the Sneak (Spriggan Enchanter)          Turns: 3443, Time: 00:11:47

Health: 0/36       AC:  3    Str:  9    XL:     5   Next: 59%
Magic:  1/10       EV: 18    Int: 18    God:
Gold:   163        SH:  0    Dex: 16    Spells: 1/10 levels left

rFire    + . .     SeeInvis +   a - +1 dagger
rCold    . . .     Gourm    .   (shield restricted)
rNeg     . . .     Faith    .   b - +0 robe
rPois    .         Spirit   .   (helmet restricted)
rElec    .         Reflect  .   l - +0 cloak
rCorr    .         Harm     .   (gloves unavailable)
MR       .....                  (boots unavailable)
Stlth    ..........             (no amulet)
Regen    0.2/turn               o - ring of protection from fire
MPRegen  0.2/turn               (no ring)

@: berserking, very slightly contaminated, very quick
A: unfitting armour, see invisible, herbivore 3, speed 3, slow metabolism 2
a: no special abilities


You were on level 4 of the Dungeon.
You were not hungry.

You visited 1 branch of the dungeon, and saw 4 of its levels.

You collected 163 gold pieces.

Inventory:

Hand Weapons
 a - a +1 dagger (weapon)
Missiles
 s - 23 poisoned needles
 u - 3 needles of sleeping
Armour
 b - a +0 robe (worn)
 l - a +0 cloak (worn)
Jewellery
 o - a ring of protection from fire (left hand)
Scrolls
 e - 7 scrolls of identify {unknown}
 f - a scroll of immolation {unknown}
 g - 5 scrolls of remove curse {unknown}
 h - 3 scrolls of enchant armour {unknown}
 m - 2 scrolls of recharging {unknown}
 q - a scroll of random uselessness {unknown}
 v - a scroll of amnesia {unknown}
Potions
 i - a potion of heal wounds {unknown}
 k - a potion of ambrosia {unknown}
 n - 2 potions of curing {unknown}
 p - 2 potions of berserk rage
 r - a potion of agility {unknown}
 t - a potion of invisibility {unknown}
Books
 c - a book of Maledictions

   Spells                             Type                      Level
   a - Corona                         Hexes                        1
   b - Ensorcelled Hibernation        Hexes/Ice                    2
   c - Confuse                        Hexes                        3
   d - Tukima's Dance                 Hexes                        3
   e - Dazzling Spray                 Conjuration/Hexes            3
Comestibles
 d - 4 bread rations
 j - 3 fruits


   Skills:
 - Level 2.0 Short Blades
 - Level 3.0 Dodging
 + Level 6.3 Stealth
 - Level 3.1 Spellcasting
 * Level 6.0 Hexes
 - Level 1.0 Ice Magic


You had one spell level left.
You knew the following spells:

 Your Spells              Type           Power        Failure   Level  Hunger
a - Corona                Hex            ###....      1%          1    None
b - Ensorcelled Hibernat  Hex/Ice        ###...       8%          2    ##.....
c - Confuse               Hex            ###.....     4%          3    ###....
d - Tukima's Dance        Hex            ###.....     4%          3    ###....


Dungeon Overview and Level Annotations

Branches:
Dungeon (4/15)
 Temple: D:4-7

Altars:
Fedhas
Nemelex Xobeh


Innate Abilities, Weirdness & Mutations

You are very small and have problems with some larger weapons.
You are too small for most types of armour.
You have supernaturally acute eyesight. (SInv)
You are a herbivore.
You cover ground extremely quickly.
You need consume almost no food.


Message History

Casting: Ensorcelled Hibernation
Confirm with . or Enter, or press ? or * to list all spells.
Aiming: Ensorcelled Hibernation
Press: ? - help, Shift-Dir - straight line, f/p - centaur
Aim: a centaur (chance to defeat MR: 46%)
The centaur resists with some effort.
The centaur misses you.
You hit the centaur but do no damage. The centaur closely misses you.
The centaur barely misses you.
It was a potion of berserk rage.
A red film seems to cover your vision as you go berserk!
You feel yourself moving faster!
You feel mighty! The centaur barely misses you.
You hit the centaur.
The centaur is lightly wounded.
The centaur hits you!
* * * LOW HITPOINT WARNING * * *
You hit the centaur.
The centaur is lightly wounded.
The centaur hits you!
You die...

#.#.# #.# #
.#.########.# ..
..........#
################.#
......#.......##.#
#.#.#####.##.#
#.#.#####.##.#
#.#....##....#
#.####@####### #.
#c# . ..# # ####


You could see a centaur.

Vanquished Creatures
  A bullfrog skeleton (D:4)
  An orc wizard (D:3)
  A worker ant (D:3)
  A hound skeleton (D:4)
  2 gnolls (D:4)
  4 adders (D:4)
  2 worms
  A dart slug (D:2)
  2 leopard geckos (D:1)
  2 orcs (D:3)
  3 ball pythons
  7 bats
  3 giant cockroaches
  6 goblins
  8 hobgoblins
  3 jackals (D:2)
  2 quokkas
  2 frilled lizards
  4 kobolds
  8 rats
63 creatures vanquished.

Vanquished Creatures (others)
  2 dancing weapons (D:4)
2 creatures vanquished.

Grand Total: 65 creatures vanquished

Notes
Turn   | Place    | Note
-------+----------+-------------------------------------------
     0 | D:1      | Duskembrace the Spriggan Enchanter began the quest for the Orb.
     0 | D:1      | Reached XP level 1. HP: 9/9 MP: 5/5
     5 | D:1      | Noticed an electric eel
   164 | D:1      | Reached XP level 2. HP: 13/13 MP: 7/7
   194 | D:1      | Learned a level 2 spell: Ensorcelled Hibernation
  1137 | D:1      | Reached XP level 3. HP: 16/16 MP: 8/8
  1142 | D:1      | Learned a level 3 spell: Confuse
  1373 | D:2      | Reached skill level 1 in Ice Magic
  2047 | D:3      | Reached skill level 5 in Stealth
  2047 | D:3      | Reached XP level 4. HP: 15/21 MP: 6/9
  2097 | D:3      | Learned a level 3 spell: Tukima's Dance
  2140 | D:3      | Reached skill level 5 in Hexes
  2266 | D:3      | Found a sparkling altar of Nemelex Xobeh.
  2519 | D:4      | Found a blossoming altar of Fedhas.
  2882 | D:4      | Reached XP level 5. HP: 24/24 MP: 2/10
  3426 | D:4      | Noticed a centaur
  3443 | D:4      | Slain by a centaur

Vault maps used:
D:1:      arrival_aquarium_a
D:3:      minmay_misc_feat_tiny, nemelex_diamond_rough_becter
D:4:      old_standard_altar, serial_co_window_serial, co_window_cross_1,
          co_window_of_opportunity_a, co_window_of_opportunity_a,
          co_window_paths_a, co_window_corner_a, co_window_cross_1,
          co_window_paths_b, co_window_corner_b, co_window_corner_b,
          co_window_unsneaky_path_a, co_window_paths_d, co_window_4corner_b,
          glass_columns_a, glass_columns_a, glass_columns_a, glass_columns_b,
          first_bread, fedhas_altar_1

Skill      XL: |  1  2  3  4  5 |
---------------+----------------+-----
Spellcasting   | 3 |  3.1
Short Blades   | 2 |  2.0
Hexes          | 4 5 6 |  6.0
Ice Magic      | 1 |  1.0
Stealth        | 5 6 |  6.3
Dodging        | |  3.0

Action                   |  1- 3 |  4- 6 || total
-------------------------+-------+-------++-------
Melee: Dagger            |   123 |    54 ||   177
 Cast: Corona            |     2 |       ||     2
       Ensorcelled Hiber |    16 |    17 ||    33
       Confuse           |     1 |     2 ||     3
       Tukima's Dance    |       |     2 ||     2
  Use: Potion            |       |     1 ||     1
 Stab: Sleeping          |    25 |    12 ||    37
       Confused          |     1 |     2 ||     3
       Distracted        |       |     1 ||     1
  Eat: Bread ration      |       |     1 ||     1
Armor: Robe              |    10 |     7 ||    17
Dodge: Dodged            |   111 |    39 ||   150
